 Dungeon Crawl Stone Soup version 0.23.1 (webtiles) character file.

Game seed: 0

132208 Monsterracer the Black Belt (level 17, -18/137 HPs)
             Began as a Merfolk Transmuter on Mar 2, 2019.
             Was a High Priest of Okawaru.
             Demolished by an Ice Fiend (32 damage)
             ... in an ice cave.
             The game lasted 01:06:10 (39609 turns).

Monsterracer the Black Belt (Merfolk Transmuter)   Turns: 39609, Time: 01:06:11

Health: -18/137    AC: 20    Str: 11    XL:     17   Next: 12%
Magic:  8/24       EV: 18    Int: 17    God:    Okawaru [*****.]
Gold:   1613       SH:  0    Dex: 14    Spells: 17/24 levels left

rFire    + . .     SeeInvis +     - Unarmed
rCold    . . .     Gourm    .   (shield currently unavailable)
rNeg     . . .     Faith    .   L - +2 scale mail {MR+}
rPois    +         Spirit   .   M - +2 helmet {SInv}
rElec    .         Reflect  .   s - +2 cloak
rCorr    +         Harm     .   (gloves currently unavailable)
MR       ++...                  N - +2 pair of boots {Stlth+}
Stlth    +++++.....             H - amulet "Ronefaakk" {+Rage rF+ Dex-5 Slay+6}
HPRegen  0.32/turn              E - ring of resist corrosion
MPRegen  0.19/turn              C - ring "Moomirih" {rPois Str-2 Int+3} (curse)

@: blade hands, heroism, finesse, very slightly contaminated
A: change form in water, swift swim, stealthy swim, agile 1, MP-powered wands
a: End Transformation, Heroism, Finesse, Renounce Religion, Evoke Berserk Rage


You were in an ice cave.
You worshipped Okawaru.
Okawaru was extremely pleased with you.
You were near starving.
You had blades for hands.
You visited 5 branches of the dungeon, and saw 26 of its levels.
You visited the Abyss 1 time.
You also visited: Ossuary, Gauntlet and Ice Cave.

You collected 2971 gold pieces.
You spent 1358 gold pieces at shops.


Innate Abilities, Weirdness & Mutations

You revert to your normal form in water You are very nimble and swift while swimming.
You are very stealthy in the water. (Stealth+)
You are agile. (Dex +2)
You expend magic power (3 MP) to strengthen your wands.


   Skills:
 + Level 13.4(18.4) Fighting
 + Level 3.6(8.6) Armour
 + Level 13.3(18.3) Dodging
 - Level 7.0(12.0) Stealth
 + Level 10.8(15.8) Shields
 * Level 18.2(23.2) Unarmed Combat
 - Level 4.0 Spellcasting
 - Level 4.0 Translocations
 - Level 12.0 Transmutations
 - Level 10.0 Invocations


You had 17 spell levels left.
You knew the following spells:

 Your Spells              Type           Power        Failure   Level  Hunger
d - Blade Hands           Tmut           #####.....   54%         5    ######.
e - Blink                 Tloc           N/A          63%         2    ##.....

Your spell library contained the following spells:

 Spells                   Type           Power        Failure   Level  Hunger
 Beastly Appendage        Tmut           #####.       12%         1    None
 Sticks to Snakes         Tmut           #####...     13%         2    ##.....
 Passwall                 Tmut/Erth      ###.....     43%         2    ##.....
 Spider Form              Tmut/Pois      ###.......   58%         3    ###....
 Gell's Gravitas          Tloc           ###.......   78%         3    ###....
 Lesser Beckoning         Tloc           ###.......   78%         3    ###....
 Teleport Other           Tloc           ###.....     78%         3    ###....
 Shroud of Golubria       Chrm/Tloc      ##........   82%         2    ##.....
 Ice Form                 Ice/Tmut       ###.....     87%         4    ####...
 Corona                   Hex            #......      90%         1    None
 Shock                    Conj/Air       #...         90%         1    None
 Summon Butterflies       Summ           #.......     90%         1    None
 Ensorcelled Hibernation  Hex/Ice        #.....       96%         2    ##.....
 Swiftness                Chrm/Air       #.......     96%         2    ##.....
 Passage of Golubria      Tloc           N/A          98%         4    ####...
 Call Canine Familiar     Summ           #.......     99%         3    ###....
 Confuse                  Hex            #.......     99%         3    ###....
 Dazzling Spray           Conj/Hex       #.....       99%         3    ###....
 Static Discharge         Conj/Air       #.......     99%         3    ###....
 Tukima's Dance           Hex            #.......     99%         3    ###....
 Airstrike                Air            #.........   100%        4    ####...
 Summon Ice Beast         Ice/Summ       #.......     100%        4    ####...
 Bolt of Magma            Conj/Fire/Erth #.........   100%        5    ######.
 Iskenderun's Battlesphe  Conj/Chrm      #.......     100%        5    ######.
 Lee's Rapid Deconstruct  Erth           #.........   100%        5    ######.
 Lightning Bolt           Conj/Air       #.........   100%        5    ######.
 Summon Mana Viper        Hex/Summ       #.......     100%        5    ######.
 Venom Bolt               Conj/Pois      #.........   100%        5    ######.
 Darkness                 Hex            #.........   100%        6    #######
 Invisibility             Hex            #.......     100%        6    #######
 Iron Shot                Conj/Erth      #.........   100%        6    #######
 Orb of Destruction       Conj           #.........   100%        7    #######
 Spellforged Servitor     Conj/Summ      #.........   100%        7    #######
 Summon Hydra             Summ           #.........   100%        7    #######

Inventory:

Missiles
 i - 6 throwing nets (quivered) {!f}
Armour
 s - a +2 cloak (worn)
   (You took it off Crazy Yiuf on level 3 of the Dungeon)
 B - a +1 shield of cold resistance (melded)
   (You found it on level 1 of the Lair of Beasts)
 I - a +2 pair of gloves of archery (melded)
   (Okawaru gifted it to you on level 13 of the Dungeon)
 L - a +2 scale mail of magic resistance (worn)
   (You took it off a deep elf mage on level 15 of the Dungeon)
 M - a +2 helmet of see invisible (worn)
   (You bought it in a shop on level 2 of the Orcish Mines)
 N - a +2 pair of boots of stealth (worn)
   (You bought it in a shop on level 2 of the Orcish Mines)
Jewellery
 q - an uncursed ring of protection from fire
   (You found it on level 1 of the Abyss)
 C - the cursed ring "Moomirih" (right scythe-like blade) {rPois Str-2 Int+3}
   (You bought it in a shop on level 13 of the Dungeon)

   [ring of strength]

   It affects your strength (-2).
   It affects your intelligence (+3).
   It protects you from poison.
   It has a curse placed upon it.
 E - a ring of resist corrosion (left scythe-like blade)
   (You found it on level 4 of the Lair of Beasts)
 F - an uncursed ring of protection from fire
   (You found it on level 2 of the Dungeon)
 H - the amulet "Ronefaakk" (around neck) {+Rage rF+ Dex-5 Slay+6}
   (You found it in a Gauntlet)

   [amulet of rage]

   It affects your dexterity (-5).
   It affects your accuracy and damage with ranged weapons and melee attacks
   (+6).
   It protects you from fire.
   It lets you go berserk.
 S - an uncursed ring of see invisible
   (You found it on level 5 of the Dungeon)
Scrolls
 b - 7 scrolls of fear {!r}
 f - 8 scrolls of identify
 k - a scroll of holy word
 l - a scroll of enchant armour
 m - 3 scrolls of magic mapping
 r - 15 scrolls of remove curse
 t - 8 scrolls of teleportation {!r}
 w - 4 scrolls of silence
 x - 2 scrolls of fog
 y - 2 scrolls of noise
 X - 4 scrolls of blinking
Potions
 a - 8 potions of berserk rage {!q}
 d - 3 potions of heal wounds
 e - 14 potions of curing
 g - 5 potions of agility
 h - 3 potions of haste
 j - 4 potions of might
 n - a potion of resistance
 u - 5 potions of mutation {!q}
 v - 4 potions of invisibility
 z - 7 potions of brilliance
 A - 2 potions of flight
 D - 2 potions of cancellation
 G - 5 potions of lignification
Comestibles
 c - 35 rations

Dungeon Overview and Level Annotations

Branches:
Dungeon (15/15)            Temple (1/1) D:5            Lair (6/6) D:10
 Shoals (0/4) Lair:2       Spider (2/4) Lair:2        Slime (0/5) Lair:5
    Orc (2/2) D:10            Elf (0/3) Orc:2        Vaults (0/5) D:13
 Depths (0/5) D:15

Altars:
Ashenzari
Cheibriados
Dithmenos
Elyvilon
Fedhas
Gozag
Hepliaklqana
Kikubaaqudgha
Makhleb
Nemelex Xobeh
Okawaru
Qazlal
Ru
Sif Muna
Trog
Uskayaw
Vehumet
Wu Jian
Xom
Yredelemnul
Zin
The Shining One
Beogh

Shops:
D:10 *   D:13 =   Orc:2 (!(([

Annotations:
D:6 2 runed translucent doors, HunterMK's ghost, novice GrGl
Spider:2 Arachne

##.......#§§§§§○..#
##......§##§§°§§.###
# #......§##☼☼§☼§§##
## ##.....§§§§§○#§§§
#.
##...○§###§§#..###
#.
###.☼#○§§§§#....##
## ####§§§§○#......
## ###§.....## ##.
###@1...# #..
###.### #.. .. ##.
## ## #


You could see an Ice Fiend.


Message History

The ice devil hits you. The ice devil freezes you. You resist.
The ice devil closely misses you.
You take 9 damage, and have 83/137 hp.
You hit the ice devil but do no damage. The ice devil barely misses you.
You punch the ice devil!
The ice devil is moderately wounded.
The ice devil hits you but does no damage.
You punch the ice devil!
The ice devil is heavily wounded.
You block the ice devil's attack. The ice devil closely misses you.
You pummel the ice devil!!
You kill the ice devil!
Okawaru accepts your kill. You block the ice devil's attack.
You barely miss the ice devil. You hit the ice devil but do no damage.
You block the ice devil's attack.
You hit the ice devil but do no damage. The ice devil barely misses you.
You hit the ice devil.
The ice devil is lightly wounded.
The ice devil hits you but does no damage.
You hit the ice devil.
The ice devil is lightly wounded.
You closely miss the ice devil.
The ice devil is lightly wounded.
The ice devil hits you but does no damage.
You punch the ice devil!
The ice devil is heavily wounded.
You block the ice devil's attack.
You pummel the ice devil!!
You kill the ice devil!
Okawaru accepts your kill.
You start resting.
You are feeling hungry.
You are engulfed in freezing vapours.
You resist.
You take 3 damage, and have 84/137 hp.
You are engulfed in freezing vapours.
You resist.
You take 5 damage, and have 79/137 hp.
You are feeling very hungry.
HP restored.
Health restored: 137 You are engulfed in freezing vapours.
You resist.
You take 9 damage, and have 128/137 hp.
An Ice Fiend comes into view.
You are engulfed in freezing vapours.
You resist.
You take 9 damage, and have 119/137 hp.
The Ice Fiend roars!
An Ice Fiend comes into view.
Casting: Blade Hands (quite dangerous; 30% risk of failure)
Confirm with . or Enter, or press ? or * to list all spells.
You miscast Blade Hands.
You are very lightly contaminated with residual magic.
Nothing appears to happen.
The Ice Fiend roars!
The Ice Fiend gestures at you. The bolt of cold misses you.
You now have 19/24 mp.
You gain the combat prowess of a mighty hero.
The Ice Fiend gestures at you. The bolt of cold hits you! You resist.
You take 9 damage, and have 112/137 hp.
You now have 17/24 mp.
You can now deal lightning-fast blows.
The Ice Fiend completely misses you.
The Ice Fiend claws you but does no damage.
The Ice Fiend gestures at you. The bolt of cold misses you.
You now have 12/24 mp.
Casting: Blade Hands (slightly dangerous; 14% risk of failure)
Confirm with . or Enter, or press ? or * to list all spells.
Your hands turn into razor-sharp scythe blades.
Your +2 pair of gloves of archery melds into your body.
Your +1 shield of cold resistance melds into your body.
Your aim is not that steady anymore.
You feel less resistant to cold.
You are near starving!
The Ice Fiend claws you but does no damage. x2
The Ice Fiend gestures at you. The bolt of cold misses you.
You now have 7/24 mp.
You slash the Ice Fiend!
The Ice Fiend is lightly wounded.
The Ice Fiend closely misses you. The Ice Fiend claws you!
The Ice Fiend freezes you!!!
* * * LOW HITPOINT WARNING * * *
You take 54 damage, and have 59/137 hp.
MASSIVE DAMAGE!!
Unknown command.
Your scale mail prevents you from hitting the Ice Fiend.
You slash the Ice Fiend, but do no damage.
The Ice Fiend is lightly wounded.
You shred the Ice Fiend!!!
The Ice Fiend is heavily wounded.
You shred the Ice Fiend!!!
You kill the Ice Fiend!
Okawaru is honoured by your kill. The Ice Fiend claws you.
* * * LOW HITPOINT WARNING * * *
The Ice Fiend freezes you!!
* * * LOW HITPOINT WARNING * * *
The Ice Fiend claws you!
* * * LOW HITPOINT WARNING * * *
The Ice Fiend freezes you!!
You die...

Skill      XL: |  1  2  3  4  5  6  7  8  9 10 11 12 13 14 15 16 |
---------------+-------------------------------------------------+-----
Unarmed Combat | 4 5 6 7 9 10 11 13 14 16 17 18 | 18.2
Fighting       | 2 3 4 6 7 8 9 10 11 12 13 | 13.4
Dodging        | 3 4 5 7 8 9 10 11 13 | 13.3
Transmutations | 3 5 6 8 10 11 12 | 12.0
Invocations    | 2 3 5 7 9 10 | 10.0
Shields        | 2 3 5 7 8 9 10 | 10.8
Stealth        | 7 |  7.0
Spellcasting   | 4 |  4.0
Translocations | 3 4 |  4.0
Armour         | 3 |  3.6

Action                   |  1- 3 |  4- 6 |  7- 9 | 10-12 | 13-15 | 16-18 || total
-------------------------+-------+-------+-------+-------+-------+-------++-------
Melee: Unarmed           |   127 |   287 |   554 |   610 |  1112 |   715 ||  3405
       Punch             |     1 |     2 |    19 |    37 |    45 |    20 ||   124
       Tailslap          |       |       |     1 |     1 |     3 |       ||     5
 Cast: Spider Form       |       |     8 |    10 |     8 |       |       ||    26
       Sticks to Snakes  |       |     2 |    25 |       |       |       ||    27
       Blade Hands       |       |       |       |    22 |    65 |    35 ||   122
       Blink             |       |       |       |       |       |     1 ||     1
Invok: Heroism           |       |       |     5 |    17 |     5 |     7 ||    34
       Finesse           |       |       |       |       |     3 |     4 ||     7
 Abil: End Transformatio |       |       |       |     1 |       |       ||     1
  Use: Scroll            |       |     7 |    10 |    14 |    14 |     4 ||    49
       Potion            |       |     2 |       |     1 |     2 |     3 ||     8
 Stab: Sleeping          |       |     1 |     2 |    11 |    23 |     4 ||    41
       Distracted        |       |       |     2 |       |     1 |     1 ||     4
       Petrified         |       |       |       |       |     2 |       ||     2
  Eat: Chunk             |     3 |    15 |    13 |    23 |    52 |    26 ||   132
       Ration            |       |       |     2 |     3 |     4 |     5 ||    14
Armor: Robe              |    10 |    26 |    72 |    18 |     9 |    40 ||   175
       Scale mail        |    22 |    36 |       |       |       |   166 ||   224
       Skin              |       |     5 |       |     2 |       |       ||     7
       Troll leather arm |       |       |       |    85 |   188 |       ||   273
Dodge: Dodged            |    73 |   202 |   495 |   661 |   824 |   416 ||  2671
Block: Shield            |       |       |       |       |   206 |   213 ||   419

Levels and vault maps discovered:
D:1:      matt_arrival_diagonals, layout_basic
D:2:      minmay_inner_zag, layout_loops_corners
D:3:      layout_loops_ring, minitemple, first_ration, uniq_natasha,
          uniq_terence, uniq_crazy_yiuf_cottage
D:4:      layout_loops_ring, kennysheep_little_box,
          minmay_overflow_temple_star_hex, uniq_robin
D:5:      layout_rooms, minmay_temple_entry_fiery,
          ebering_ghost_reflecting_pool, gup_sewer_entry_glass, enter_ossuary_2,
          basic_altar, kennysheep_generic_room_15
D:6:      layout_basic, makhleb_grotto_becter, ebering_ghost_disaster_area,
          tgw_sif, uniq_prince_ribbit1, uniq_pikel, uniq_eustachio, uniq_edmund
D:7:      layout_basic, nicolae_ru_awakened_eye
D:8:      layout_gridville
D:9:      layout_rooms, basic_altar, grunt_ogre_cave, minmay_checkerbox
D:10:     layout_roguey, lair_entry_dummy, erik_orc_3, serial_bayou_pond_a,
          kennysheep_cluttered_room, minmay_shop_damaged, uniq_nergalle,
          uniq_erolcha, uniq_psyche
D:11:     layout_cave_pools, uniq_erica, uniq_sonja
D:12:     layout_basic
D:13:     gargoyle_guard, layout_loops_ring, david_vaults_5, serial_shops,
          shop_statue, basic_altar, uniq_josephine, uniq_frances
D:14:     layout_loops_cross, hangedman_decor_riveting
D:15:     grunt_enter_depths_snipers, layout_basic,
          hangedman_abyss_or_decor_stagger, laboratory, uniq_nessos
Temple:   dshaligram_water_room_temple
Lair:1:   dragon1_lemuel, layout_loops_ring, grunt_megastairs_4,
          lemuel_fruit_tree
Lair:2:   layout_chaotic_city, elwin_shoals_entry_rooms,
          nicolae_spider_entry_orb_guardian, nicolae_lair_grove_arrangements,
          uniq_harold
Lair:3:   pond_and_an_island_with_a_cottage, layout_loops_ring,
          grunt_forest_small_clearings, grunt_forest_large_clearings
Lair:4:   dpeg_oklob_shooting_range, layout_regular_city,
          nicolae_lair_yak_garden
Lair:5:   layout_regular_city, minmay_slime_entry_pillars,
          gauntlet_entry_generic, lemuel_fruit_fields
Lair:6:   hangedman_lair_tendril_chambers, layout_gridlike
Spider:1: layout_spider_delve
Spider:2: layout_spider_delve, portal_ice_cave_entry_dragon,
          guppyfry_spider_mini_2, uniq_arachne, uniq_asterion
Orc:1:    layout_diamond_mine, gammafunk_ghost_berserking_beasts
Orc:2:    grunt_orc_community_town_hall, layout_caves,
          grunt_orc_community_big_house_2, grunt_orc_community_big_house_1,
          grunt_orc_community_house_2, grunt_orc_community_house_1,
          grunt_orc_community_house_1, grunt_orc_community_house_1,
          grunt_orc_community_house_2, serial_shops, shop
Abyss:1
Abyss:2
Ossuary:  minmay_ossuary_two_tombs
IceCv:    ice_cave_small_demon
Gauntlet: minmay_gauntlet_mixed_big_or_small [nicolae_gauntlet_arena_blocks,
          minmay_gauntlet_arena_77_mirror, nicolae_gauntlet_arena_flowing_pool,
          minmay_gauntlet_arena_77_braids, nicolae_gauntlet_arena_t_cross,
          minmay_gauntlet_arena_77_box, gauntlet_exit_watery]

Notes
Turn   | Place    | Note
-------+----------+-------------------------------------------
     0 | D:1      | Monsterracer the Merfolk Transmuter began the quest for the
                  | Orb.
     0 | D:1      | Reached XP level 1. HP: 15/15 MP: 3/3
   319 | D:1      | Reached XP level 2. HP: 19/21 MP: 5/5
   699 | D:1      | Reached skill level 4 in Unarmed Combat
   978 | D:2      | HP: 6/22 [worm (7)]
  1326 | D:2      | Reached XP level 3. HP: 24/27 MP: 6/6
  1443 | D:2      | HP: 13/27 [poisoned by an adder]
  1680 | D:2      | HP: 13/27 [poisoned by an adder]
  1857 | D:2      | Reached XP level 4. HP: 32/34 MP: 7/7
  1916 | D:2      | HP: 17/34 [poisoned by an adder]
  2523 | D:2      | Reached skill level 5 in Unarmed Combat
  2958 | D:3      | Noticed Terence
  3003 | D:2      | Learned a level 2 spell: Sticks to Snakes
  3127 | D:3      | Noticed Natasha
  3152 | D:2      | Learned a level 3 spell: Spider Form
  3482 | D:3      | Killed Terence
  3482 | D:3      | Reached XP level 5. HP: 29/40 MP: 1/8
  3644 | D:3      | HP: 20/41 [poisoned by an adder]
  3649 | D:3      | HP: 16/41 [poisoned by an adder]
  3654 | D:3      | HP: 12/41 [poisoned by an adder]
  3660 | D:3      | HP: 10/41 [poisoned by an adder]
  3666 | D:3      | HP: 9/41 [poisoned by an adder]
  3674 | D:3      | HP: 8/41 [poisoned by an adder]
  3726 | D:3      | HP: 13/41 [bat (1)]
  4008 | D:3      | Killed Natasha
  4117 | D:3      | HP: 19/41 [orc (3)]
  4501 | D:3      | Found a runed translucent door.
  4502 | D:3      | Noticed Crazy Yiuf
  4569 | D:3      | Found an opulent altar of Gozag.
  4571 | D:3      | Found a snail-covered altar of Cheibriados.
  4676 | D:3      | Noticed Natasha
  4684 | D:3      | Killed Natasha
  4684 | D:3      | Reached XP level 6. HP: 47/47 MP: 5/9
  4770 | D:3      | Noticed Natasha
  4779 | D:3      | Killed Natasha
  4952 | D:3      | Killed Crazy Yiuf
  5046 | D:4      | HP: 23/47 [worker ant (5)]
  5050 | D:3      | HP: 7/47 [worker ant (6)]
  5055 | D:3      | Reached skill level 6 in Unarmed Combat
  5056 | D:3      | HP: 7/70 [poisoned by a worker ant]
  5061 | D:3      | HP: 6/70 [poisoned by a worker ant]
  5068 | D:3      | HP: 6/70 [poisoned by a worker ant]
  5076 | D:3      | HP: 5/70 [poisoned by a worker ant]
  5413 | D:4      | HP: 17/47 [orc priest/divine providence (13)]
  5925 | D:4      | Reached skill level 5 in Dodging
  5925 | D:4      | Reached XP level 7. HP: 44/54 MP: 6/10
  6037 | D:4      | Noticed Robin
  6061 | D:4      | Killed Robin
  6258 | D:4      | Found a radiant altar of Vehumet.
  6439 | D:4      | Found a white marble altar of Elyvilon.
  6443 | D:4      | Found an ornate altar of the Wu Jian Council.
  6448 | D:4      | Found a sparkling altar of Nemelex Xobeh.
  6461 | D:4      | Found a stormy altar of Qazlal.
  6464 | D:4      | Found a basalt altar of Yredelemnul.
  6650 | D:5      | Entered Level 5 of the Dungeon
  6698 | D:5      | Reached skill level 7 in Unarmed Combat
  6743 | D:5      | Found a sand-covered staircase.
  6748 | Ossuary  | Entered an ossuary
  7073 | Ossuary  | Reached XP level 8. HP: 61/61 MP: 11/11
  7415 | D:5      | Found a runed translucent door.
  7416 | D:5      | Noticed Lanoc's ghost (amateur DrWr)
  7458 | D:5      | Reached skill level 5 in Fighting
  7734 | D:5      | Reached skill level 8 in Unarmed Combat
  7752 | D:5      | Found an opulent altar of Gozag.
  7903 | D:5      | Found a staircase to the Ecumenical Temple.
  7923 | Temple   | Entered the Ecumenical Temple
  7944 | Temple   | Became a worshipper of Warmaster Okawaru
  8140 | D:5      | HP: 29/62 [Lanoc's ghost (5)]
  8145 | D:5      | HP: 21/62 [Lanoc's ghost (9)]
  8598 | D:6      | Found a large runed translucent door.
  8598 | D:6      | Found a large runed translucent door.
  8645 | D:6      | Found a burning altar of Makhleb.
  8665 | D:6      | Noticed Eustachio
  8683 | D:6      | Killed Eustachio
  8683 | D:6      | Reached skill level 1 in Invocations
  8750 | D:6      | Noticed HunterMK's ghost (novice GrGl)
  8781 | D:6      | Noticed Pikel
  8845 | D:6      | Killed Pikel
  8845 | D:6      | Reached * piety under Okawaru
  8845 | D:6      | Reached skill level 9 in Unarmed Combat
  8845 | D:6      | Reached skill level 5 in Transmutations
  8845 | D:6      | Reached XP level 9. HP: 59/69 MP: 1/12
  8955 | D:6      | Noticed Prince Ribbit
  8961 | D:6      | Noticed Edmund
  8964 | D:6      | Killed Prince Ribbit
  9038 | D:5      | HP: 32/69 [Lanoc's ghost (6)]
  9041 | D:5      | Killed Lanoc's ghost
  9283 | D:6      | Killed Edmund
  9293 | D:6      | Learned a level 5 spell: Blade Hands
  9619 | D:6      | Found a deep blue altar of Sif Muna.
  9923 | D:7      | HP: 33/71 [killer bee (6)]
  9928 | D:7      | HP: 30/71 [poisoned by a killer bee]
  9936 | D:7      | HP: 30/71 [poisoned by a killer bee]
  9944 | D:7      | HP: 29/71 [poisoned by a killer bee]
 10322 | D:7      | Found a sacrificial altar of Ru.
 10378 | D:6      | HP: 32/71 [killer bee (7)]
 10383 | D:6      | HP: 22/71 [poisoned by a killer bee]
 10388 | D:6      | HP: 19/71 [poisoned by a killer bee]
 10393 | D:6      | HP: 17/71 [poisoned by a killer bee]
 10398 | D:6      | HP: 16/71 [poisoned by a killer bee]
 10405 | D:6      | HP: 15/71 [poisoned by a killer bee]
 10413 | D:6      | HP: 15/71 [poisoned by a killer bee]
 10716 | D:7      | Reached skill level 10 in Unarmed Combat
 11068 | D:8      | Reached ** piety under Okawaru
 11068 | D:8      | Reached XP level 10. HP: 77/77 MP: 9/13
 12024 | D:9      | HP: 35/79 [troll (9)]
 12245 | D:9      | HP: 34/79 [battlesphere[a tengu conjurer] (7)]
 12579 | D:9      | HP: 36/79 [troll (12)]
 12582 | D:9      | Reached skill level 1 in Shields
 12881 | D:9      | Noticed a two-headed ogre
 12887 | D:9      | Killed a two-headed ogre
 12887 | D:9      | Reached *** piety under Okawaru
 12985 | D:9      | Found a shadowy altar of Dithmenos.
 13036 | D:9      | Reached skill level 11 in Unarmed Combat
 13092 | D:9      | HP: 30/79 [tengu conjurer/lance of force (18)]
 13094 | D:9      | Reached skill level 5 in Invocations
 13239 | D:9      | Noticed a two-headed ogre
 13256 | D:9      | Killed a two-headed ogre
 13256 | D:9      | Reached **** piety under Okawaru
 13426 | D:10     | Entered Level 10 of the Dungeon
 13434 | D:10     | Noticed Psyche
 13445 | D:10     | Noticed a centaur warrior
 13472 | D:10     | Noticed Erolcha
 13485 | D:10     | Reached XP level 11. HP: 82/86 MP: 10/15
 13488 | D:10     | Cast into level 1 of the Abyss (Erolcha)
 13672 | Abyss:1  | Noticed an orc sorcerer
 13679 | Abyss:1  | HP: 24/86 [orc sorcerer/bolt of negative energy (29)]
 13680 | Abyss:1  | Killed an orc sorcerer
 13680 | Abyss:1  | Received a gift from Okawaru
 13743 | Abyss:1  | Noticed a wretched star
 13754 | Abyss:1  | Killed a wretched star
 13754 | Abyss:1  | Reached skill level 5 in Stealth
 13759 | Abyss:1  | Noticed a thrashing horror
 13776 | Abyss:1  | Found a corrupted altar of Lugonu.
 13785 | Abyss:1  | Noticed a harpy
 13810 | Abyss:1  | HP: 28/86 [frost giant skeleton (23)]
 13844 | Abyss:1  | Noticed a deep elf mage
 13845 | Abyss:1  | Noticed a wretched star
 13846 | Abyss:1  | Noticed a tentacled starspawn
 13928 | Abyss:2  | HP: 38/86 [ancient zyme (8)]
 14082 | Abyss:2  | Noticed a wretched star
 14083 | Abyss:2  | Noticed a wretched star
 14090 | Abyss:2  | Killed a wretched star
 14090 | Abyss:2  | Reached ***** piety under Okawaru
 14093 | Abyss:2  | Killed a wretched star
 14095 | D:10     | Escaped the Abyss
 14213 | D:10     | Killed Erolcha
 14213 | D:10     | Reached skill level 10 in Transmutations
 14327 | D:10     | Found Qexzyph's Lightly-Used Armoury.
 14372 | D:10     | Found a staircase to the Orcish Mines.
 14387 | D:10     | HP: 26/68 [ogre/+0 giant spiked club (14)]
 14393 | D:10     | HP: 25/68 [poisoned by an orc priest]
 14400 | D:10     | HP: 24/68 [poisoned by an orc priest]
 14408 | D:10     | HP: 24/68 [poisoned by an orc priest]
 15271 | D:10     | Noticed Nergalle
 15284 | D:10     | Killed Nergalle
 15314 | D:10     | Killed Psyche
 15353 | D:10     | Killed a centaur warrior
 15353 | D:10     | Reached XP level 12. HP: 83/93 MP: 6/16
 15547 | D:10     | Found a staircase to the Lair.
 15650 | Lair:1   | Entered Level 1 of the Lair of Beasts
 16070 | Lair:1   | Received a gift from Okawaru
 16071 | Lair:1   | Found the +3 robe of Folly {Archmagi, MR-- Int+5}
 16121 | Lair:1   | HP: 45/93 [komodo dragon (26)]
 16491 | Lair:1   | Reached skill level 12 in Unarmed Combat
 16500 | Lair:1   | Reached skill level 10 in Dodging
 16510 | Lair:1   | Noticed an ice dragon
 16516 | Lair:1   | HP: 44/94 [ice dragon/blast of cold (17)]
 16522 | Lair:1   | HP: 43/94 [poisoned by a spiny frog]
 16524 | Lair:1   | Killed an ice dragon
 16527 | Lair:1   | HP: 38/94 [poisoned by a spiny frog]
 16655 | Lair:1   | Got a transparent dire flail
 16821 | Lair:2   | Found a hole to the Spider Nest.
 16941 | Lair:2   | Noticed a four-headed hydra
 16958 | Lair:2   | HP: 46/94 [four-headed hydra (5)]
 16959 | Lair:2   | Killed a four-headed hydra
 17381 | Lair:2   | Noticed Harold
 17394 | Lair:2   | Killed Harold
 17394 | Lair:2   | Reached skill level 5 in Shields
 17457 | Lair:2   | Found a staircase to the Shoals.
 17985 | Lair:3   | Received a gift from Okawaru
 17999 | Lair:2   | HP: 46/95 [wolf (6)]
 18010 | Lair:2   | HP: 46/95 [wolf (3)]
 18113 | Lair:2   | Reached skill level 13 in Unarmed Combat
 18189 | Lair:2   | HP: 46/95 [elephant (8)]
 18194 | Lair:2   | HP: 42/95 [wolf (1)]
 18202 | Lair:2   | HP: 45/95 [wolf (2)]
 18207 | Lair:2   | Reached XP level 13. HP: 42/101 MP: 8/18
 18208 | Lair:2   | HP: 40/101 [elephant (3)]
 18215 | Lair:2   | HP: 30/101 [elephant (1)]
 18418 | Lair:2   | HP: 50/101 [wolf (9)]
 18430 | Lair:2   | HP: 47/101 [wolf (3)]
 18536 | Lair:3   | HP: 47/101 [bullfrog (5)]
 19010 | Lair:3   | HP: 49/102 [water moccasin (6)]
 19102 | Lair:3   | You fall through a shaft!
 19158 | Lair:3   | HP: 50/103 [komodo dragon (16)]
 19160 | Lair:3   | Reached ****** piety under Okawaru
 19163 | Lair:3   | HP: 8/103 [komodo dragon (27)]
 19168 | Lair:3   | HP: 6/103 [poisoned by a black mamba]
 19174 | Lair:3   | HP: 25/103 [poisoned by a black mamba]
 19181 | Lair:3   | HP: 26/103 [poisoned by a black mamba]
 19188 | Lair:3   | HP: 29/103 [poisoned by a black mamba]
 19196 | Lair:3   | HP: 32/103 [poisoned by a black mamba]
 19315 | Lair:3   | HP: 50/103 [yak (9)]
 19321 | Lair:3   | HP: 31/103 [yak (3)]
 19327 | Lair:3   | HP: 26/103 [yak (2)]
 19722 | Lair:4   | Received a gift from Okawaru
 19733 | Lair:4   | Reached skill level 10 in Fighting
 19740 | Lair:4   | Got a crude robe {god gift}
 19751 | Lair:4   | Identified the +1 robe of Integrity {rCorr Int-4 SInv
                  | Stlth+} (Okawaru gifted it to you on level 4 of the Lair of
                  | Beasts)
 19877 | Lair:4   | Reached skill level 14 in Unarmed Combat
 20753 | Lair:5   | HP: 40/104 [blink frog (15)]
 20760 | Lair:5   | HP: 37/104 [blink frog (6)]
 20770 | Lair:5   | HP: 42/104 [blink frog (1)]
 20985 | Lair:5   | HP: 46/104 [seven-headed hydra (11)]
 20986 | Lair:5   | Reached XP level 14. HP: 37/111 MP: 15/20
 20991 | Lair:5   | HP: 28/111 [seven-headed hydra (13)]
 21010 | Lair:5   | HP: 37/111 [seven-headed hydra (4)]
 21031 | Lair:5   | Found a gate leading to a gauntlet.
 21040 | Gauntlet | Entered a Gauntlet
 21040 | Gauntlet | Found a transporter.
 21040 | Gauntlet | Found a transporter.
 21040 | Gauntlet | Found a transporter.
 21146 | Gauntlet | Found a transporter.
 21147 | Gauntlet | Found a transporter.
 21150 | Gauntlet | Found a transporter.
 21156 | Gauntlet | Found a transporter.
 21158 | Gauntlet | Found a transporter.
 21159 | Gauntlet | Found a transporter.
 21161 | Gauntlet | Found a transporter.
 21169 | Gauntlet | Found a transporter.
 21172 | Gauntlet | Found a transporter.
 21473 | Gauntlet | Got a steaming steel amulet
 21475 | Gauntlet | Identified the amulet "Ronefaakk" {+Rage rF+ Dex-5 Slay+6}
                  | (You found it in a Gauntlet)
 21530 | Gauntlet | HP: 54/111 [minotaur/the +9 staff of Olgreb {rPois} (18)]
 21531 | Gauntlet | HP: 22/111 [minotaur/the +9 staff of Olgreb {rPois} (13)]
 21538 | Gauntlet | HP: 43/111 [poisoned by a minotaur]
 21546 | Lair:5   | HP: 47/111 [poisoned by a minotaur]
 21903 | Lair:5   | Found a staircase to the Slime Pits.
 21919 | Lair:5   | Reached skill level 15 in Unarmed Combat
 22453 | Lair:6   | Entered Level 6 of the Lair of Beasts
 22520 | Lair:6   | Received a gift from Okawaru
 22552 | Lair:6   | Got a brightly glowing longbow {god gift}
 22558 | Lair:6   | Identified the +1 longbow of Thoughtfulness {freeze, +Blink
                  | rF+ Stlth+} (Okawaru gifted it to you on level 6 of the
                  | Lair of Beasts)
 22694 | Lair:6   | Paralysed by a hornet for 1 turns
 22696 | Lair:6   | HP: 56/113 [hornet (3)]
 22701 | Lair:6   | HP: 53/113 [poisoned by a water moccasin]
 22707 | Lair:6   | HP: 45/113 [poisoned by a water moccasin]
 22712 | Lair:6   | HP: 46/113 [poisoned by a water moccasin]
 22719 | Lair:6   | HP: 49/113 [poisoned by a water moccasin]
 22727 | Lair:6   | HP: 53/113 [poisoned by a water moccasin]
 23012 | Lair:6   | HP: 56/113 [wyvern (2)]
 23096 | Lair:6   | Reached skill level 10 in Invocations
 23500 | Lair:6   | Paralysed by a hornet for 2 turns
 23663 | Lair:6   | Received a gift from Okawaru
 24025 | Lair:6   | HP: 44/113 [wolf spider (17)]
 24031 | Lair:6   | HP: 33/113 [poisoned by a black mamba]
 24036 | Lair:6   | HP: 27/113 [poisoned by a black mamba]
 24041 | Lair:6   | HP: 22/113 [poisoned by a black mamba]
 24046 | Lair:6   | HP: 21/113 [poisoned by a black mamba]
 24051 | Lair:6   | HP: 20/113 [poisoned by a black mamba]
 24056 | Lair:6   | HP: 21/113 [poisoned by a black mamba]
 24061 | Lair:6   | HP: 22/113 [poisoned by a black mamba]
 24068 | Lair:6   | HP: 25/113 [poisoned by a black mamba]
 24076 | Lair:6   | HP: 28/113 [poisoned by a black mamba]
 24407 | D:11     | Noticed Sonja
 24556 | D:11     | Killed Sonja
 24615 | D:11     | Noticed Erica
 24626 | D:11     | Killed Erica
 24631 | D:11     | Reached skill level 16 in Unarmed Combat
 25221 | D:12     | Reached XP level 15. HP: 120/120 MP: 16/22
 25803 | D:13     | HP: 60/120 [meliai/+4 war axe (17)]
 25808 | D:13     | HP: 40/120 [poisoned by a meliai]
 25813 | D:13     | HP: 39/120 [poisoned by a meliai]
 25819 | D:13     | HP: 40/120 [poisoned by a meliai]
 25827 | D:13     | HP: 43/120 [poisoned by a meliai]
 25835 | D:13     | HP: 46/120 [poisoned by a meliai]
 26007 | D:13     | Noticed Josephine
 26023 | D:13     | Killed Josephine
 26083 | D:13     | Found a shadowy altar of Dithmenos.
 26112 | D:13     | Found Lecio's Jewellery Boutique.
 26448 | D:13     | Received a gift from Okawaru
 26709 | D:13     | Noticed Frances
 26726 | D:13     | Killed Frances
 26851 | D:13     | HP: 54/121 [vault guard/+1 war axe of freezing (17)]
 26858 | D:13     | HP: 53/121 [poisoned by a killer bee]
 26863 | D:13     | HP: 49/121 [poisoned by a killer bee]
 26869 | D:13     | HP: 49/121 [poisoned by a killer bee]
 26876 | D:13     | HP: 51/121 [poisoned by a killer bee]
 26883 | D:13     | HP: 54/121 [poisoned by a killer bee]
 26891 | D:13     | HP: 58/121 [poisoned by a killer bee]
 27025 | D:13     | Found a gate to the Vaults.
 27358 | D:14     | HP: 59/121 [centaur/arrow[a centaur warrior] (8)]
 27662 | D:14     | HP: 50/122 [purple ugly thing (16)]
 27666 | D:14     | Reached skill level 17 in Unarmed Combat
 27667 | D:14     | HP: 37/122 [centaur (2)]
 27681 | D:14     | HP: 42/122 [bullfrog (1)]
 27689 | D:14     | HP: 35/122 [centaur/arrow (13)]
 28223 | D:14     | Learned a level 2 spell: Blink
 28502 | D:15     | Entered Level 15 of the Dungeon
 28505 | D:15     | Got a translucent falchion
 28608 | D:15     | HP: 59/122 [poisoned by a green ugly thing]
 28613 | D:15     | HP: 44/122 [poisoned by a green ugly thing]
 28618 | D:15     | HP: 34/122 [poisoned by a green ugly thing]
 28623 | D:15     | HP: 28/122 [poisoned by a green ugly thing]
 28628 | D:15     | HP: 25/122 [poisoned by a green ugly thing]
 28634 | D:14     | HP: 24/122 [poisoned by a green ugly thing]
 28640 | D:14     | HP: 24/122 [poisoned by a green ugly thing]
 28645 | D:14     | HP: 26/122 [poisoned by a green ugly thing]
 28652 | D:14     | HP: 28/122 [poisoned by a green ugly thing]
 28660 | D:14     | HP: 32/122 [poisoned by a green ugly thing]
 28976 | D:15     | Noticed Nessos
 28989 | D:15     | Killed Nessos
 29219 | D:15     | Reached skill level 1 in Translocations
 29310 | D:15     | Received a gift from Okawaru
 29382 | D:15     | HP: 40/122 [deep elf mage/bolt of lightning (30)]
 29668 | D:15     | HP: 54/122 [death knight/+2 halberd (9)]
 29672 | D:15     | Received a gift from Okawaru
 30220 | D:15     | Found a staircase to the Depths.
 30361 | D:15     | Reached XP level 16. HP: 129/129 MP: 17/23
 30414 | D:15     | Received a gift from Okawaru
 30457 | D:15     | HP: 52/129 [??? (50)]
 30470 | D:15     | HP: 54/129 [freezing wraith[a death knight] (2)]
 30477 | D:15     | HP: 39/129 [death knight/cursed -3 glaive (9)]
 30782 | D:15     | Got a dazzling hunting sling
 30895 | D:15     | HP: 49/129 [brown ugly thing (17)]
 31321 | D:13     | Bought the cursed ring "Moomirih" {rPois Str-2 Int+3} for
                  | 182 gold pieces
 31424 | Orc:1    | Entered Level 1 of the Orcish Mines
 31428 | Orc:1    | Reached skill level 1 in Armour
 31436 | Orc:1    | HP: 54/129 [orc priest/divine providence (13)]
 31441 | D:10     | HP: 19/129 [orc knight/+3 great sword (13)]
 32207 | D:10     | Reached skill level 10 in Shields
 32638 | Orc:1    | Found a transporter.
 32642 | Orc:1    | Noticed BottomBurp's ghost (adept MfGl)
 32951 | Orc:1    | Found a transporter.
 33082 | Orc:1    | Received a gift from Okawaru
 33091 | Orc:1    | Killed BottomBurp's ghost
 33105 | Orc:1    | Got a smoking buckler {god gift}
 33140 | Orc:1    | Identified the -3 buckler of Daixzal {*Contam rC- Str+4
                  | Dex+8} (Okawaru gifted it to you on level 1 of the Orcish
                  | Mines)
 33164 | Orc:1    | Gained mutation: Armour fits poorly on your strangely
                  | shaped body. [mutagenic glow]
 33179 | Orc:1    | Lost mutation: Armour fits poorly on your strangely shaped
                  | body. [potion of mutation]
 33179 | Orc:1    | Gained mutation: Your flesh is heat resistant. (rF+)
                  | [potion of mutation]
 33179 | Orc:1    | Gained mutation: You have a pair of small horns on your
                  | head. [potion of mutation]
 33180 | Orc:1    | Lost mutation: You have a pair of small horns on your head.
                  | [potion of mutation]
 33180 | Orc:1    | Lost mutation: Your flesh is heat resistant. (rF+) [potion
                  | of mutation]
 33180 | Orc:1    | Gained mutation: You are agile. (Dex +2) [potion of
                  | mutation]
 33180 | Orc:1    | Gained mutation: You expend magic power (3 MP) to
                  | strengthen your wands. [potion of mutation]
 33191 | Orc:1    | Got a pair of distressingly furry gloves
 33202 | Orc:1    | Identified the +0 pair of gloves of the Clam {Int+2} (You
                  | found it on level 1 of the Orcish Mines)
 33266 | Orc:2    | Entered Level 2 of the Orcish Mines
 33337 | Orc:2    | Found Xoerch's Weapon Emporium.
 33377 | Orc:2    | Found a roughly hewn altar of Beogh.
 33673 | Orc:2    | Found a roughly hewn altar of Beogh.
 33801 | Orc:2    | Found a staircase to the Elven Halls.
 34001 | Orc:2    | Found a roughly hewn altar of Beogh.
 34013 | Orc:2    | Found Utivuy's Distillery.
 34092 | Orc:2    | Bought a potion of heal wounds for 80 gold pieces
 34092 | Orc:2    | Bought a potion of haste for 160 gold pieces
 34145 | Orc:2    | HP: 52/129 [orc knight/+1 dire flail (13)]
 34195 | Orc:2    | HP: 55/129 [orc knight/+2 great sword (12)]
 34475 | Orc:2    | Found a roughly hewn altar of Beogh.
 34616 | Orc:2    | Found a roughly hewn altar of Beogh.
 34861 | Orc:2    | Found a roughly hewn altar of Beogh.
 34896 | Orc:2    | Found Suipaini's Antique Weapon Shop.
 35249 | Orc:2    | Found Pooke's Antique Weapon Shoppe.
 35250 | Orc:2    | Found a roughly hewn altar of Beogh.
 35344 | Orc:2    | Found Ahourghish's Antique Armour Emporium.
 35368 | Orc:2    | Bought a pair of glowing boots for 120 gold pieces
 35368 | Orc:2    | Bought a runed helmet for 120 gold pieces
 35368 | Orc:2    | Bought a pair of glowing boots for 120 gold pieces
 35515 | Orc:2    | Bought a potion of might for 64 gold pieces
 35515 | Orc:2    | Bought a potion of might for 64 gold pieces
 35515 | Orc:2    | Bought a potion of curing for 48 gold pieces
 35515 | Orc:2    | Bought a potion of mutation for 128 gold pieces
 35515 | Orc:2    | Bought a potion of invisibility for 128 gold pieces
 35515 | Orc:2    | Bought a potion of curing for 48 gold pieces
 35515 | Orc:2    | Bought a potion of lignification for 48 gold pieces
 35515 | Orc:2    | Bought a potion of curing for 48 gold pieces
 35645 | Spider:1 | Entered Level 1 of the Spider Nest
 35665 | Spider:1 | HP: 64/129 [poisoned by a redback]
 35670 | Spider:1 | HP: 58/129 [poisoned by a redback]
 35671 | Spider:1 | HP: 13/129 [disintegration (44)]
 36057 | Spider:1 | HP: 42/129 [disintegration (34)]
 36062 | Spider:1 | HP: 26/129 [disintegration (18)]
 36204 | Spider:1 | HP: 54/129 [wolf spider (15)]
 36861 | Spider:1 | HP: 63/130 [redback (6)]
 36866 | Spider:1 | HP: 40/130 [poisoned by a redback]
 36871 | Spider:1 | HP: 37/130 [poisoned by a redback]
 36877 | Spider:1 | HP: 27/130 [poisoned by a redback]
 36882 | Spider:1 | HP: 21/130 [poisoned by a redback]
 36887 | Spider:1 | HP: 17/130 [poisoned by a redback]
 36892 | Spider:1 | HP: 13/130 [poisoned by a redback]
 36897 | Spider:1 | HP: 12/130 [poisoned by a redback]
 36904 | Spider:1 | HP: 11/130 [poisoned by a redback]
 36911 | Spider:1 | HP: 11/130 [poisoned by a redback]
 36919 | Spider:1 | HP: 12/130 [poisoned by a redback]
 37790 | Spider:2 | Noticed Asterion
 37813 | Spider:2 | Killed Asterion
 37857 | Spider:2 | Reached skill level 18 in Unarmed Combat
 37879 | Spider:2 | HP: 64/131 [demonic crawler (5)]
 37884 | Spider:2 | HP: 46/131 [wolf spider (2)]
 38155 | Spider:2 | HP: 58/131 [emperor scorpion (10)]
 38160 | Spider:2 | Received a gift from Okawaru
 38326 | Spider:2 | Noticed Arachne
 38377 | Spider:2 | Found a frozen archway.
 38389 | Spider:2 | HP: 65/131 [poisoned by a wolf spider]
 38394 | Spider:2 | HP: 60/131 [poisoned by a wolf spider]
 38399 | Spider:2 | HP: 55/131 [poisoned by a wolf spider]
 38400 | IceCv    | Entered an ice cave
 38404 | IceCv    | HP: 52/131 [poisoned by a wolf spider]
 38410 | IceCv    | HP: 50/131 [poisoned by a wolf spider]
 38417 | IceCv    | HP: 49/131 [poisoned by a wolf spider]
 38424 | IceCv    | HP: 49/131 [poisoned by a wolf spider]
 38432 | IceCv    | HP: 49/131 [poisoned by a wolf spider]
 38757 | IceCv    | Reached XP level 17. HP: 117/137 MP: 24/24
 39066 | IceCv    | HP: 67/137 [something (12)]
 39081 | IceCv    | HP: 66/137 [something (6)]
 39597 | IceCv    | Noticed an Ice Fiend
 39600 | IceCv    | Noticed an Ice Fiend
 39605 | IceCv    | HP: 59/137 [Ice Fiend (47)]
 39608 | IceCv    | Killed an Ice Fiend
 39609 | IceCv    | HP: 21/137 [Ice Fiend (34)]
 39609 | IceCv    | Demolished by an Ice Fiend

Vanquished Creatures
  An Ice Fiend (IceCv)
  Asterion (Spider:2)
  Frances (D:13)
  The ghost of BottomBurp the Impaler, an adept MfGl of Makhleb (Orc:1)
  An emperor scorpion (Spider:2)
  2 orc warlords (D:10 Orc:2)
  A war gargoyle (D:13)
  Nessos (D:15)
  An entropy weaver (Spider:1)
  A minotaur (Gauntlet)
  Josephine (D:13)
  A yaktaur captain (D:15)
  Harold (Lair:2)
  A vault guard (D:13)
  3 hydras (Lair:2 Lair:5 D:14)
  Erolcha (D:10)
  5 two-headed ogres (D:9 D:11 D:12)
  2 catoblepae (Lair:4 Lair:5)
  2 ice dragons (Lair:1 Spider:2)
  An ogre mage (D:13)
  2 death knights (D:15)
  5 centaur warriors (D:10 D:13 D:14 D:15)
  Erica (D:11)
  A death yak (Lair:4)
  An orc high priest (Orc:2)
  3 wretched stars (Abyss:1 Abyss:2)
  Sonja (D:11)
  Nergalle (D:10)
  A wizard (D:15)
  4 orc knights (D:10 Orc:1 Orc:2)
  Pikel (D:6)
  4 orb spiders (Lair:2 Spider:1)
  2 deep elf magi (D:14 D:15)
  A phantasmal warrior (D:15)
  15 ugly things (D:11 D:12 D:14 D:15)
  2 manticores (D:14 D:15)
  2 oklob plants (Lair:4)
  6 orc sorcerers (Abyss:1 Orc:1 Orc:2)
  A moth of wrath (Orc:1)
  11 wolf spiders (Lair:6 Spider:1 Spider:2)
  4 cyclopes (D:14 D:15)
  8 elephants (Lair:2 Lair:3 Lair:6)
  7 black mambas (Lair:3 Lair:6)
  A guardian serpent (Lair:6)
  2 ice statues (IceCv)
  An apocalypse crab (Abyss:1)
  Psyche (D:10)
  3 centaur skeletons (D:14 D:15)
  8 gargoyles (D:13)
  9 spiny frogs (Lair:1 Lair:4 Lair:5 Lair:6)
  2 rime drakes (Lair:2)
  3 freezing wraiths (D:15)
  8 komodo dragons (Lair:1 Lair:2 Lair:3 Lair:5 Lair:6)
  4 demonic crawlers (Spider:2)
  12 ice devils (IceCv)
  2 ancient zymes (Abyss:2)
  A tengu conjurer (D:9)
  A polar bear (Lair:6)
  6 jumping spiders (Spider:1 Spider:2)
  4 hornets (Lair:6 D:11)
  6 trolls (D:9 D:11 D:14 Orc:1 Orc:2)
  The ghost of Lanoc the Grasshopper, an amateur DrWr (D:5)
  A merfolk (Lair:2)
  3 meliai (D:13)
  6 large abominations (Abyss:2 D:15)
  3 slime creatures (Lair:5 D:13)
  30 blink frogs (Lair:2 Lair:3 Lair:4 Lair:5 Lair:6)
  Prince Ribbit (D:6)
  9 dream sheep (Lair:5 Lair:6)
  9 hippogriffs (Lair:1 Lair:3 Lair:5 Lair:6 D:12)
  7 shadows (Gauntlet)
  11 tarantellas (Spider:1 Lair:2 Spider:2)
  7 wraiths (D:13 D:15)
  27 redbacks (Lair:6 Spider:1 Lair:2 Spider:2)
  20 wyverns (D:10 Lair:6 Lair:5 D:11 D:14)
  43 yaks (Lair:1 Lair:2 Lair:3 Lair:4 Lair:5)
  Eustachio (D:6)
  A basilisk (Lair:1)
  A hungry ghost (D:13)
  4 vampire mosquitoes (D:9 D:12)
  5 wargs (Orc:1)
  A steam dragon (D:10)
  Edmund (D:6)
  A soldier ant (D:13)
  An acid dragon (D:14)
  12 porcupines (Lair:1 Lair:2 Lair:3 Lair:4 Lair:5)
  22 water moccasins (D:10 Lair:2 Lair:3 Lair:4 Lair:5)
  5 sky beasts (D:5 D:8 D:12 D:13 D:14)
  5 ice beasts (D:8 D:9 D:12 D:15)
  2 slaves (D:6)
  30 orc warriors (D:10 D:12 D:13 Orc:1 Orc:2)
  17 ogres (D:4 D:7 D:8 D:9 D:10)
  2 phantoms (D:5 D:9)
  A necrophage (D:7)
  30 wolves (Lair:3 Lair:2)
  18 centaurs (D:8 D:12 D:14 D:15)
  13 small abominations (Abyss:1 Abyss:2 Gauntlet D:15)
  8 crocodiles (Lair:1 Lair:2 Lair:3 Lair:4 Lair:5)
  2 big kobolds (D:8 D:12)
  An elf zombie (Ossuary)
  13 bullfrogs (D:7 D:9 Lair:1 Lair:3 Lair:4)
  A water moccasin zombie (D:11)
  A wyvern skeleton (D:11)
  10 killer bees (D:6 D:7 D:13)
  4 scorpions (D:10 D:13 D:14)
  15 wights (D:5 D:7 D:9 D:14)
  4 electric eels (Lair:1 Lair:3)
  4 howler monkeys (D:9 D:14)
  8 crimson imps (D:6 D:8 D:9 D:11 D:12)
  4 centaur zombies (Ossuary D:10 D:12 D:14)
  A bullfrog zombie (D:5)
  A lava snake (D:10)
  2 quasits (Abyss:1)
  5 hounds (D:4 D:6 D:12 D:13)
  A human zombie (Ossuary)
  26 orc priests (D:4 D:7 D:10 D:11 D:12)
  5 jellies (D:9 Lair:5 D:12 D:14)
  26 orc wizards (D:6 D:7 D:9 D:10 D:11)
  Crazy Yiuf (D:3)
  3 bullfrog skeletons (D:12 D:13)
  Terence (D:3)
  4 iguanas (D:6 D:7 D:11 D:14)
  Natasha (thrice) (D:3)
  9 worker ants (D:3 D:7 D:9 D:11 D:12)
  2 big kobold zombies (Ossuary)
  A hound zombie (D:9)
  3 hound skeletons (D:4 D:7)
  3 mummies (Ossuary)
  2 worker ant zombies (D:10 D:11)
  Robin (D:4)
  A howler monkey skeleton (D:9)
  14 adders (D:2 D:3 D:4 D:5 D:6)
  2 shadow imps (D:5 D:11)
  5 white imps (IceCv)
  11 ufetubi (Abyss:1 Abyss:2 IceCv)
  2 oozes (D:2 D:6)
  5 adder zombies (Ossuary D:8)
  4 adder skeletons (D:5 D:8 D:9)
  3 worms (D:2 D:4)
  4 dart slugs (D:1 D:2)
  6 leopard geckos (D:2 D:5 D:6 D:9)
  103 orcs (D:3 D:4 D:5 D:7 D:8)
  7 bats (D:1 D:2 D:3)
  9 giant cockroaches (D:1 D:2 D:3 D:4 D:5)
  15 goblins (D:1 D:2 D:3 D:4)
  13 hobgoblins (D:1 D:2 D:3 D:4 D:10)
  4 jackals (D:5)
  13 kobolds (D:2 D:8 D:12)
  4 quokkas (D:3 D:6 D:9 D:10)
  2 ball pythons (D:1)
  4 frilled lizards (D:2 D:3)
  A gnoll zombie (Ossuary)
  2 goblin zombies (Ossuary)
  3 hobgoblin zombies (Ossuary)
  A jackal skeleton (D:7)
  5 jackal zombies (Ossuary)
  3 kobold zombies (Ossuary)
  2 leopard gecko skeletons (D:5 D:6)
  An orc zombie (Ossuary)
  2 quokka zombies (Ossuary)
  5 rats (D:1 D:2 D:3)
  2 rat zombies (Ossuary)
  A lurking horror (Abyss:1)
972 creatures vanquished.

Vanquished Creatures (collateral kills)
  A human zombie (Ossuary)
  An adder zombie (Ossuary)
  2 jackal zombies (Ossuary)
  2 quokka zombies (Ossuary)
6 creatures vanquished.

Vanquished Creatures (others)
  A redback (Spider:1)
  A slave (D:6)
  A white imp (IceCv)
  2 ufetubi (IceCv)
  18 fungi (Lair:5 Lair:6)
  38 plants (Lair:5 Lair:6)
61 creatures vanquished.

Grand Total: 1039 creatures vanquished

Table legend:
 A = Turns spent in this place as a percentage of turns spent in the entire game.
 B = Non-inter-level travel turns spent in this place as a percentage of non-inter-level travel turns spent in the entire game.
 C = Inter-level travel turns spent in this place as a percentage of turns spent in this place.
 D = Turns resting spent in this place as a percentage of non-inter-level travel turns spent in this place.
 E = Turns spent auto-exploring this place as a percentage of non-inter-level travel turns spent in this place.
 F = Non-inter-level travel turns spent in this place divided by the number of levels of this place that you've seen.
                   A       B       C       D       E      F
               +-------+-------+-------+-------+-------+----------------------
         Total | 100.0 | 100.0 |   5.6 |  16.9 |  59.4 | 1206.5
       Dungeon |  55.2 |  53.9 |   7.8 |  13.9 |  64.8 | 1343.2
        Temple |   0.2 |   0.2 |  14.8 |   0.0 |  87.0 |  69.0
          Lair |  23.7 |  24.2 |   3.7 |  23.8 |  53.1 | 1507.5
   Spider Nest |   4.9 |   5.1 |   0.5 |  30.7 |  39.4 | 961.0
  Orcish Mines |   8.7 |   8.9 |   3.6 |   2.4 |  73.7 | 1666.0
         Abyss |   1.5 |   1.6 |   0.0 |  27.7 |   0.0 | 303.5
       Ossuary |   1.4 |   1.5 |   0.0 |   0.0 |  50.1 | 563.0
      Ice Cave |   3.1 |   3.2 |   0.0 |  29.1 |  52.2 | 1209.0
      Gauntlet |   1.3 |   1.4 |   0.0 |  35.4 |  34.5 | 505.0
               +-------+-------+-------+-------+-------+----------------------

Table legend:
 A = Non-vault XP
 B = Vault XP
 C = Vault XP percentage of total XP
 D = Non-vault monster count
 E = Vault monster count
 F = Vault count percentage of total count
                 A         B        C        D         E       F
            +---------+---------+-------+---------+---------+-------
      Total |  113772 |   75097 |  39.8 |     640 |     335 |  34.4
            +---------+---------+-------+---------+---------+-------
        D:1 |      26 |       0 |   0.0 |      14 |       0 |   0.0
        D:2 |     103 |      22 |  17.6 |      23 |       6 |  20.7
        D:3 |     167 |     111 |  39.9 |      23 |       3 |  11.5
        D:4 |     367 |      36 |   8.9 |      13 |      12 |  48.0
        D:5 |     503 |     329 |  39.5 |      16 |       7 |  30.4
        D:6 |     292 |    1329 |  82.0 |      10 |       6 |  37.5
        D:7 |     913 |       0 |   0.0 |      18 |       0 |   0.0
        D:8 |     659 |       0 |   0.0 |      16 |       0 |   0.0
        D:9 |    2455 |    1445 |  37.1 |      31 |       3 |   8.8
       D:10 |    4352 |    2507 |  36.6 |      25 |      17 |  40.5
       D:11 |    3677 |    1669 |  31.2 |      29 |       2 |   6.5
       D:12 |    5018 |       0 |   0.0 |      31 |       0 |   0.0
       D:13 |    3437 |   12600 |  78.6 |      29 |      23 |  44.2
       D:14 |   10138 |       0 |   0.0 |      40 |       0 |   0.0
       D:15 |   12244 |    6748 |  35.5 |      26 |      17 |  39.5
     Lair:1 |    3017 |    1051 |  25.8 |      15 |       2 |  11.8
     Lair:2 |    7575 |    4744 |  38.5 |      28 |      26 |  48.1
     Lair:3 |    5884 |     939 |  13.8 |      27 |       8 |  22.9
     Lair:4 |    3163 |    3549 |  52.9 |      15 |       7 |  31.8
     Lair:5 |   10133 |     833 |   7.6 |      37 |       5 |  11.9
     Lair:6 |    8880 |    9362 |  51.3 |      32 |      35 |  52.2
   Spider:1 |    9809 |       0 |   0.0 |      31 |       0 |   0.0
   Spider:2 |   10886 |    3658 |  25.2 |      27 |       2 |   6.9
      Orc:1 |    3466 |    3306 |  48.8 |      42 |       7 |  14.3
      Orc:2 |    1655 |    9315 |  84.9 |      27 |      70 |  72.2
    Abyss:1 |    2256 |       0 |   0.0 |       8 |       0 |   0.0
    Abyss:2 |    2697 |       0 |   0.0 |       7 |       0 |   0.0
    Ossuary |       0 |     379 | 100.0 |       0 |      37 | 100.0
      IceCv |       0 |    7991 | 100.0 |       0 |      29 | 100.0
   Gauntlet |       0 |    3174 | 100.0 |       0 |      11 | 100.0
            +---------+---------+-------+---------+---------+-------
